 Dungeon Crawl Stone Soup version 0.26.0-10-g1f06aea511 (webtiles) character file.

Game seed: 4902595403891847381

16347 Amaterasu the Grappler (level 12, -3/97 HPs)
             Began as a Grey Draconian Monk on Jan 26, 2021.
             Was a High Priest of Nemelex Xobeh.
             Killed from afar by a manticore (19 damage)
             ... with a volley of spikes
             ... on level 1 of the Lair of Beasts.
             The game lasted 00:24:56 (11985 turns).

Amaterasu the Grappler (Grey Draconian Monk)       Turns: 11985, Time: 00:24:56

Health: -3/97      AC: 21    Str: 22    XL:     12   Next: 9%
Magic:  10/18      EV: 15    Int:  8    God:    Nemelex Xobeh [*****.]
Gold:   589        SH: 17    Dex: 24    Spells: 11/11 levels left

rFire    . . .     SeeInvis +     - Unarmed
rCold    . . .     Faith    +   B - +0 tower shield
rNeg     . . .     Spirit   .   (armour unavailable)
rPois    +         Reflect  .   (helmet restricted)
rElec    .         Harm     .   w - +0 cloak
rCorr    .         Rampage  +   H - +1 pair of gloves
Will     .....                  G - +0 pair of boots of the Big Bang {Rampage Will- Dex+4}
Stlth    ++........             J - amulet "Qiwaruv" {Faith rPois Str+4 Int-3 SInv}
HPRegen  0.26/turn              f - +6 ring of dexterity
MPRegen  0.16/turn              i - +4 ring of protection

@: barbed spikes, studying Unarmed Combat
A: walk through water, unfitting armour, unbreathing, cold-blooded, AC +13
a: Renounce Religion, Draw Escape, Draw Destruction, Draw Summoning, Triple
Draw, Deal Four, Stack Five


You were on level 1 of the Lair of Beasts.
You worshipped Nemelex Xobeh.
Nemelex Xobeh was extremely pleased with you.
You visited 3 branches of the dungeon, and saw 13 of its levels.
You also visited: Ossuary.

You collected 589 gold pieces.

Inventory:

Missiles
 o - 9 throwing nets
 t - 53 poisoned darts
Armour
 w - a +0 cloak (worn)
 B - a +0 tower shield (worn)
 G - the +0 pair of boots of the Big Bang (worn) {Rampage Will- Dex+4}
   (You found it on level 7 of the Dungeon)

   It affects your dexterity (+4).
   It affects your willpower, your defense against some magical effects.
   It bestows one free step when moving towards enemies.
 H - a +1 pair of gloves (worn)
Jewellery
 b - an uncursed ring of protection from cold
 f - a +6 ring of dexterity (left hand)
 i - a +4 ring of protection (right hand)
 l - an uncursed ring of stealth
 m - an uncursed amulet of the acrobat
 p - an uncursed ring of see invisible {unknown}
 A - an uncursed amulet of reflection
 F - the ring "Atyt" {Ice rPois rN+}
   (You found it on level 7 of the Dungeon)

   [ring of ice]

   It enhances your ice magic.
   It makes you vulnerable to fire.
   It protects you from cold.
   It protects you from poison.
   It protects you from negative energy.
 I - an uncursed ring of flight
 J - the amulet "Qiwaruv" (around neck) {Faith rPois Str+4 Int-3 SInv}
   (You found it on level 8 of the Dungeon)

   [amulet of faith]

   It allows you to gain divine favour quickly.
   It affects your strength (+4).
   It affects your intelligence (-3).
   It protects you from poison.
   It lets you see invisible.
 O - an uncursed ring of ice
Wands
 j - a wand of enslavement (13)
 r - a wand of paralysis (2)
 u - a wand of digging (17)
 v - a wand of flame (42)
Scrolls
 k - 8 scrolls of remove curse
 y - a scroll of amnesia
 C - 2 scrolls of teleportation
 E - 2 scrolls of blinking
 K - a scroll of enchant weapon
 L - a scroll of magic mapping
 M - 2 scrolls of enchant armour
 N - a scroll of identify
Potions
 a - a potion of invisibility
 c - 3 potions of attraction
 d - 4 potions of heal wounds
 e - a potion of berserk rage
 g - 6 potions of flight
 h - 3 potions of lignification
 n - 9 potions of curing
 q - 2 potions of brilliance
 s - a potion of magic
 x - a potion of cancellation
 z - a potion of ambrosia
Books
 D - a manual of Unarmed Combat


   Skills:
 + Level 6.9 Fighting
 * Level 7.3 Dodging
 - Level 1.7 Stealth
 * Level 7.6 Shields
 - Level 14.0 Unarmed Combat
 * Level 8.4 Invocations
 * Level 8.0 Evocations


You had 11 spell levels left.
You didn't know any spells.
Your spell library contained the following spells:

 Spells                   Type           Power        Failure   Level
 Animate Skeleton         Necr           0%           99%         1
 Apportation              Tloc           0%           99%         1
 Corona                   Hex            0%           99%         1
 Summon Small Mammal      Summ           0%           99%         1
 Confusing Touch          Hex            0%           100%        3
 Gell's Gravitas          Tloc           0%           100%        3
 Petrify                  Tmut/Erth      0%           100%        4
 Metabolic Englaciation   Hex/Ice        0%           100%        5
 Yara's Violent Unravell  Hex/Tmut       0%           100%        5


Dungeon Overview and Level Annotations

Branches:
Dungeon (10/15)            Temple (1/1) D:4            Lair (2/6) D:10
    Orc (0/2) D:9         Ossuary (visited)
  Swamp: Lair:2-4    Shoals: Lair:2-4     Snake: Lair:2-4    Spider: Lair:2-4

Altars:
Ashenzari
Cheibriados
Elyvilon
Fedhas
Gozag
Kikubaaqudgha
Makhleb
Nemelex Xobeh
Okawaru
Ru
Sif Muna
Vehumet
Wu Jian
Yredelemnul
Zin

Shops:
D:4 [

Annotations:
D:4 3 runed translucent doors, monkeyman's ghost, legendary MiBe
D:7 exclusion: Harold


Innate Abilities, Weirdness & Mutations

You can walk through water.
Your dull iron-grey scales are very hard. (AC +13)
You cannot fit into any form of body armour.
You can survive without breathing.
You are cold-blooded and may be slowed by cold attacks.


Message History

The acid corrodes the manticore!
The manticore is severely wounded.
You deal a card...
You have dealt the Orb.
Press: ? - help, Shift-Dir - straight line, f/p - manticore
Aim: a manticore (severely wounded, misshapen and mutated, covered in acid)
Your orb of destruction hits a rock wall. x4
Unknown command.
Your orb of destruction hits a rock wall.
Evoke which item? (* to show all) (? for menu, Esc to quit)
Aiming: Throw Flame
Press: ? - help, Shift-Dir - straight line, f/p - manticore
Aim: a manticore (severely wounded, misshapen and mutated, covered in acid, 15% to evade)
The puff of flame hits the manticore.
The manticore is severely wounded.
The manticore flicks its tail.
The volley of spikes hits you!!
The barbed spikes become lodged in your body.
You die...
Your body glows with a rainbow of weird colours and disappears.

.P# ##....................... .##
#P..........#########...# .##
#.......#####..# ...# .P#
##.....##..##..## .### .##
##....##.†..##..# +.. .####
##..#...##l...##.## #8.
.##P####.#.....####..#...# +..
...........##...°.H.##.### #.#
......####..##○○@####...# #.#
.....## ##.###.......†.## #.#
....## #..........P#..# #####..
....# ##............## ##.#.#..
....# #...(.....##.# #.......
....######........##### ##.#.#..
...................#######.......
..........................#.#.#..
...........................÷....#


You could see a manticore (misshapen, corroded).

Vanquished Creatures
  Harold (D:7)
  A hydra (Lair:1)
  A two-headed ogre (D:10)
  An elephant (D:10)
  A centaur zombie (D:10)
  A centaur skeleton (D:10)
  5 cane toads
  A rime drake (Lair:1)
  6 komodo dragons (Lair:1)
  A hornet (D:8)
  4 blink frogs (Lair:1)
  2 shadows (D:9)
  2 wyverns
  A wraith (Ossuary)
  13 yaks
  2 basilisks
  A two-headed ogre zombie (D:9)
  4 water moccasins
  Duvessa (D:4)
  7 ice beasts
  A sky beast (D:8)
  A black bear (D:10)
  5 phantoms
  7 ogres
  3 orc warriors
  A wolf (D:9)
  6 centaurs
  7 bullfrogs
  Blork the orc (D:4)
  A gnoll sergeant (D:10)
  Dowan (D:4)
  3 scorpions
  9 killer bees
  2 howler monkeys
  10 wights
  A jelly (D:10)
  2 hounds
  A quasit (D:7)
  2 bullfrog skeletons
  Crazy Yiuf (D:3)
  4 orc priests
  8 orc wizards
  2 iguanas
  14 worker ants
  2 killer bee zombies
  7 ogre zombies (D:9)
  A hound skeleton (D:7)
  A mummy (Ossuary)
  5 gnolls (D:10)
  3 river rats (D:5)
  12 adders
  A hound simulacrum (D:9)
  A shadow imp (D:5)
  3 white imps
  6 ufetubi
  An ooze (D:4)
  2 worms
  2 dart slugs
  2 adder simulacra (D:9)
  2 leopard geckos (D:4)
  14 orcs
  3 ball pythons
  3 giant cockroaches
  2 goblins
  8 hobgoblins
  19 jackals
  10 kobolds
  3 quokkas
  A ball python skeleton (D:6)
  5 bats
  4 frilled lizards
  4 gnoll skeletons (Ossuary)
  2 goblin zombies (D:9)
  A hobgoblin skeleton (D:9)
  7 kobold skeletons (Ossuary)
  16 orc skeletons
  19 orc zombies (D:9)
  7 rats
328 creatures vanquished.

Vanquished Creatures (others)
  6 fungi
  7 plants
13 creatures vanquished.

Grand Total: 341 creatures vanquished

Notes
Turn   | Place    | Note
-------+----------+-------------------------------------------
     0 | D:1      | Amaterasu the Draconian Monk began the quest for the Orb.
     0 | D:1      | Reached XP level 1. HP: 19/19 MP: 1/1
   279 | D:1      | Reached XP level 2. HP: 24/26 MP: 2/2
  1028 | D:2      | Found a white marble altar of Elyvilon.
  1063 | D:2      | Reached XP level 3. HP: 33/33 MP: 3/3
  1167 | D:2      | Found a glowing silver altar of Zin.
  1263 | D:2      | Reached skill level 4 in Unarmed Combat
  1426 | D:2      | Found a radiant altar of Vehumet.
  2009 | D:3      | Reached XP level 4. HP: 39/40 MP: 4/4
  2245 | D:3      | Reached skill level 5 in Unarmed Combat
  2789 | D:3      | Found a runed translucent door.
  2790 | D:3      | Noticed Crazy Yiuf
  2808 | D:3      | Killed Crazy Yiuf
  2809 | D:3      | Reached XP level 5. HP: 30/47 MP: 5/5
  2996 | D:4      | Noticed an ogre
  3014 | D:4      | Killed an ogre
  3050 | D:4      | Noticed a centaur
  3058 | D:4      | Killed a centaur
  3059 | D:4      | Reached skill level 5 in Fighting
  3059 | D:4      | Reached skill level 6 in Unarmed Combat
  3059 | D:4      | Reached skill level 1 in Evocations
  3059 | D:4      | Reached XP level 6. HP: 48/56 MP: 6/6
  3182 | D:4      | Found a staircase to the Ecumenical Temple.
  3196 | Temple   | Entered the Ecumenical Temple
  3216 | Temple   | Became a worshipper of Nemelex Xobeh the Trickster
  3216 | Temple   | Reached * piety under Nemelex Xobeh
  3216 | Temple   | Received a gift from Nemelex Xobeh
  3216 | Temple   | Reached ** piety under Nemelex Xobeh
  3253 | D:4      | Noticed Blork the orc
  3270 | D:4      | Killed Blork the orc
  3271 | D:4      | Your scales start taking on a dull iron-grey colour.
  3271 | D:4      | Reached XP level 7. HP: 60/61 MP: 7/7
  3271 | D:4      | Gained mutation: You can survive without breathing. [Grey
                  | Draconian growth]
  3386 | D:4      | Found an opulent altar of Gozag.
  3394 | D:4      | Found a runed translucent gate.
  3401 | D:4      | Found a runed translucent gate.
  3401 | D:4      | Found a runed translucent gate.
  3401 | D:4      | Identified the +10 whip "Gulur" {venom, rElec Int+4}
  3401 | D:4      | Noticed monkeyman's ghost (legendary MiBe)
  3409 | D:4      | Found Sedghyng's Antique Armour Shop.
  3409 | D:4      | Noticed Duvessa
  3409 | D:4      | Noticed Dowan
  3457 | D:4      | Killed Duvessa
  3488 | D:4      | Killed Dowan
  3489 | D:4      | Reached skill level 1 in Invocations
  3673 | D:4      | Found an iron altar of Okawaru.
  4055 | D:4      | Got a transparent whip
  4056 | D:4      | Identified the +5 whip "Ylau" {protect, rElec rPois rC+++
                  | Dex-5} (You found it on level 4 of the Dungeon)
  4065 | D:5      | Entered Level 5 of the Dungeon
  4165 | D:5      | Reached skill level 7 in Unarmed Combat
  4232 | D:5      | Found a sand-covered staircase.
  4241 | Ossuary  | Entered an ossuary
  4241 | Ossuary  | Noticed a wraith
  4241 | Ossuary  | Noticed a wraith
  4241 | Ossuary  | Noticed a wraith
  4344 | Ossuary  | Noticed a wraith
  4374 | Ossuary  | Killed a wraith
  4375 | Ossuary  | Reached XP level 8. HP: 38/70 MP: 9/9
  4778 | D:5      | Reached skill level 8 in Unarmed Combat
  5283 | D:6      | Received a gift from Nemelex Xobeh
  5467 | D:6      | Found a blossoming altar of Fedhas.
  5811 | D:6      | Reached *** piety under Nemelex Xobeh
  6110 | D:6      | Found a basalt altar of Yredelemnul.
  6125 | D:6      | Found an ornate altar of the Wu Jian Council.
  6282 | D:7      | Noticed Harold
  6315 | D:7      | Reached skill level 1 in Shields
  6506 | D:7      | Reached XP level 9. HP: 70/75 MP: 11/11
  6529 | D:7      | Got a pitted pewter ring
  6530 | D:7      | Identified the ring "Atyt" {Ice rPois rN+} (You found it on
                  | level 7 of the Dungeon)
  6538 | D:7      | Got a pair of shimmering boots
  6544 | D:7      | Identified the cursed +0 pair of boots of the Big Bang
                  | {Rampage Will- Dex+4} (You found it on level 7 of the
                  | Dungeon)
  6602 | D:7      | Found an ancient bone altar of Kikubaaqudgha.
  6706 | D:7      | Reached skill level 9 in Unarmed Combat
  6840 | D:7      | Killed Harold
  6841 | D:7      | Reached skill level 5 in Dodging
  6891 | D:7      | Reached skill level 10 in Unarmed Combat
  7380 | D:8      | Reached skill level 11 in Unarmed Combat
  7520 | D:8      | Received a gift from Nemelex Xobeh
  7594 | D:8      | Reached XP level 10. HP: 84/84 MP: 13/13
  7682 | D:8      | Got a pitted sapphire amulet
  7704 | D:8      | Identified the amulet "Qiwaruv" {Faith rPois Str+4 Int-3
                  | SInv} (You found it on level 8 of the Dungeon)
  7792 | D:8      | Reached skill level 5 in Evocations
  8091 | D:9      | Found a staircase to the Orcish Mines.
  8117 | D:9      | Reached skill level 5 in Invocations
  8175 | D:9      | Reached **** piety under Nemelex Xobeh
  8218 | D:9      | Reached skill level 5 in Shields
  8372 | D:9      | Received a gift from Nemelex Xobeh
  8531 | D:9      | Reached skill level 12 in Unarmed Combat
  8923 | D:9      | Received a gift from Nemelex Xobeh
  9141 | D:9      | Received a gift from Nemelex Xobeh
  9236 | D:10     | Entered Level 10 of the Dungeon
  9318 | D:10     | Noticed a two-headed ogre
  9329 | D:10     | Killed a two-headed ogre
  9640 | D:10     | Noticed an elephant
  9655 | D:10     | Killed an elephant
  9656 | D:10     | Reached XP level 11. HP: 72/91 MP: 16/16
  9909 | D:10     | Found a staircase to the Lair.
 10004 | D:10     | Reached ***** piety under Nemelex Xobeh
 10004 | D:10     | Received a gift from Nemelex Xobeh
 10727 | Lair:1   | Entered Level 1 of the Lair of Beasts
 10812 | Lair:1   | Reached skill level 13 in Unarmed Combat
 10887 | Lair:1   | Received a gift from Nemelex Xobeh
 11210 | Lair:1   | Received a gift from Nemelex Xobeh
 11281 | Lair:1   | You fall into a shaft and drop 1 floor!
 11329 | Lair:1   | Reached skill level 14 in Unarmed Combat
 11549 | Lair:1   | Noticed a six-headed hydra
 11560 | Lair:1   | Killed a six-headed hydra
 11880 | Lair:1   | Reached XP level 12. HP: 81/97 MP: 18/18
 11985 | Lair:1   | Killed from afar by a manticore

Illustrated notes

Levels and vault maps discovered:
D:1:      dpeg_arrival_ternary, layout_loops_ring
D:2:      layout_rooms, lemuel_coloured_pillars_altar, vehumet_crystals,
          nicolae_overflow_crystal_walls, serial_corexii_hall,
          corexii_hall_statues_deadend, corexii_hall_statues_x,
          corexii_hall_statues_u, corexii_hall_statues_l, nrook_mini_vaults,
          mrwooster_statue_mirror, skrybe_limestone_x, chequers_avenue
D:3:      layout_loops_ring, uniq_crazy_yiuf_cottage
D:4:      layout_loops_ring, nicolae_gozag_cash_rules_everything_around_me,
          minmay_temple_entry_trees, serial_shops, shop,
          gammafunk_ghost_nasty_kobolds, okawaru_trees_1, uniq_blork_the_orc,
          uniq_duvessa
D:5:      minmay_opposing_rooms, layout_basic, chequers_ossuary_entry_cave,
          portal_sewer_entry_e, corner_web_ring,
          hangedman_abyss_or_decor_lesser_grid
D:6:      layout_basic, nicolae_overflow_hidden_temple,
          fedhas_bush_and_centaur_altar
D:7:      layout_basic, kiku_gazebo_pond_becter, minmay_manual_mess, uniq_harold
D:8:      minmay_bloctagon_deflated, layout_loops_ring
D:9:      layout_roguey, zombieorc2_lemuel, serial_ice, serial_ice_e,
          serial_ice_d, serial_ice_j, serial_ice_o, serial_ice_m, serial_ice_f,
          serial_ice_c, dk_noncrumbling_3
D:10:     layout_stronghold, david_lair_generic
Temple:   eino_wide_crystal_templ
Lair:1:   layout_chaotic_city, st_stairs_13, beast_lair_carwin_6,
          grunt_megastairs_5, infiniplex_staircase_pool
Lair:2:   layout_layer_cave, minmay_swamp_entry_worms,
          nicolae_spider_entry_tight_spaces

Skill      XL: |  1  2  3  4  5  6  7  8  9 10 11 12 |
---------------+-------------------------------------+-----
Fighting       | 4 5 6 |  6.9
Unarmed Combat | 4 5 6 7 8 11 12 14 | 14.0
Evocations     | 1 2 4 6 7 8 |  8.0
Invocations    | 1 3 4 7 8 |  8.4
Dodging        | 3 4 5 6 7 |  7.3
Shields        | 1 4 5 7 |  7.6
Stealth        | |  1.7

Action                   |  1- 3 |  4- 6 |  7- 9 | 10-12 || total
-------------------------+-------+-------+-------+-------++-------
Melee: Unarmed           |   148 |   106 |   488 |   583 ||  1325
       Tailslap          |    19 |    16 |   100 |   154 ||   289
       Punch             |     2 |     3 |    11 |       ||    16
Invok: Draw Destruction  |       |       |       |     4 ||     4
       Deal Four         |       |       |       |     1 ||     1
Evoke: Wand              |       |     5 |     2 |     1 ||     8
  Use: Scroll            |     7 |     3 |    18 |     4 ||    32
       Potion            |       |     1 |     1 |     1 ||     3
 Stab: Sleeping          |     5 |     5 |     8 |    14 ||    32
       Paralysed         |       |    10 |     4 |       ||    14
       Distracted        |       |       |     1 |     5 ||     6
Armor: Skin              |    40 |    20 |   147 |   137 ||   344
Dodge: Dodged            |   112 |    55 |   252 |   186 ||   605
Block: Tower shield      |       |       |   144 |   384 ||   528
       Reflection        |       |       |     3 |     2 ||     5
